Map: 2000 atmosfer ER

Players

SI 1 (Bardzo łatwa)

  • Race: Protoss Protoss

Krystianer - Winner!

  • Race: Protoss Protoss
  • League: Grandmaster

VOD

Have the link to the VOD?

Description

Time

  • Played on: Feb. 4, 2022, 7:33 p.m.
  • Length: 8:23
Show
View Real Time Build Order
Export as new Build Order

SI 1 (Bardzo łatwa) Protoss 

Build Orders:  

Get SALT Encoding   

  12  0:00  Probe  
  13  0:13  Probe  
  14  0:19  Pylon  
  14  0:36  Assimilator  
  14  0:42  Gateway  
  14  0:45  Pylon  
  14  1:15  Assimilator  
  14  1:17  Probe  
  14  1:25  Probe  
  15  1:32  Cybernetics Core  
  16  1:33  Probe  
  17  1:43  Probe  
  18  1:55  Probe  
  18  1:58  Warp Gate  
  19  2:03  Probe  
  20  2:10  Stalker  
  22  5:34  Zealot  
  24  5:36  Probe  
  24  5:37  Pylon  
  24  5:38  Robotics Facility  
  25  5:44  Probe  
  26  5:52  Probe  
  27  6:02  Probe  
  27  6:10  Pylon  
  26  6:12  Probe  
  27  6:26  Observer  
  27  6:30  Zealot  
  30  6:48  Observer  
  31  7:00  Nexus  
  31  7:25  Stalker  
  33  7:53  Stalker  
  33  7:54  Pylon  
  31  8:04  Probe  
Show
View Real Time Build Order
Export as new Build Order

Krystianer Protoss - Winner!

Build Orders: Blink Stalkers 

Get SALT Encoding   

  12  0:00  Probe  
  13  0:12  Probe  
  14  0:17  Pylon  
  14  0:24  Probe (Chrono Boost)  
  16  0:37  Probe (Chrono Boost), Gateway  
  16  0:43  Probe (Chrono Boost)  
  16  0:45  Assimilator  
  17  0:53  Probe (Chrono Boost)  
  17  0:55  Assimilator  
  18  1:05  Probe (Chrono Boost)  
  18  1:09  Gateway  
  19  1:13  Probe (Chrono Boost)  
  20  1:20  Probe  
  20  1:24  Cybernetics Core  
  21  1:32  Probe  
  22  1:35  Pylon  
  22  1:44  Probe  
  23  1:56  Probe  
  23  2:00  Stalker  
  23  2:01  Warp Gate  
  28  2:03  Stalker  
  29  2:08  Probe  
  29  2:15  Pylon  
  29  2:20  Probe  
  30  2:33  Sentry  
  30  2:34  Sentry  
  34  2:43  Nexus  
  34  2:46  Probe  
  35  2:55  Pylon  
  35  2:58  Probe  
  36  2:59  Sentry  
  36  3:04  Shield Battery  
  38  3:10  Probe (Chrono Boost)  
  39  3:16  Twilight Council  
  40  3:21  Probe (Chrono Boost)  
  40  3:26  Probe (Chrono Boost)  
  41  3:36  Probe (Chrono Boost)  
  42  3:43  Probe (Chrono Boost)  
  43  3:49  Stalker x2  
  43  3:55  Probe (Chrono Boost)  
  49  3:58  Blink  
  49  4:00  Probe (Chrono Boost)  
  49  4:04  Probe (Chrono Boost)  
  49  4:08  Probe (Chrono Boost)  
  51  4:10  Forge  
  52  4:18  Probe  
  52  4:19  Stalker x2  
  52  4:21  Probe  
  57  4:30  Probe  
  58  4:33  Probe, Pylon  
  59  4:43  Nexus  
  60  4:46  Probe (Chrono Boost), Protoss Ground Weapons Level 1 (Chrono Boost)  
  60  4:47  Probe (Chrono Boost)  
  61  4:55  Stalker  
  61  4:58  Probe (Chrono Boost)  
  65  5:01  Pylon  
  65  5:02  Probe (Chrono Boost), Stalker  
  65  5:05  Probe (Chrono Boost)  
  68  5:09  Probe  
  69  5:18  Probe, Gateway x2  
  70  5:21  Probe  
  70  5:25  Stalker x2  
  75  5:30  Probe  
  75  5:33  Probe  
  77  5:38  Gateway  
  77  5:39  Gateway  
  77  5:42  Probe  
  78  5:44  Gateway  
  78  5:48  Gateway  
  78  5:54  Robotics Facility  
  78  5:55  Probe  
  78  5:56  Probe  
  78  5:57  Probe  
  81  6:02  Gateway  
  81  6:08  Assimilator  
  81  6:11  Probe x3  
  83  6:12  Assimilator  
  83  6:13  Pylon  
  83  6:17  Gateway  
  84  6:23  Probe x3  
  87  6:30  Stalker x3, Pylon  
  93  6:34  Stalker  
  93  6:37  Warp Prism (Chrono Boost)  
  95  6:42  Stalker x2  
  101  6:47  Pylon  
  101  6:51  Stalker  
  101  6:53  Pylon  
  103  6:56  Stalker  
  105  7:01  Stalker  
  107  7:17  Pylon  
  107  7:20  Nexus  
  107  7:22  Probe x2  
  109  7:23  Probe  
  109  7:25  Stalker x4  
  109  7:26  Stalker  
  109  7:28  Stalker  
  122  7:40  Probe x3  
  125  7:46  Stalker x3  
  125  7:49  Stalker, Pylon  
  133  8:01  Pylon  
  133  8:02  Pylon  
  133  8:07  Probe x3  
  133  8:11  Zealot  
  133  8:12  Zealot  
  140  8:20  Stalker x5  
Tags
 
Add a new tag
Caveats
  • Supply blocks, unpowered buildings, or Contaminate may cause inaccurate times.
  • Supply counts are checked every 10 seconds.